 Dungeon Crawl Stone Soup version 0.22-a0-614-g34fbaa0 (webtiles) character file.

69 pox the Stinger (level 4, 0/42 HPs)
             Began as a Naga Venom Mage on July 20, 2018.
             Slain by Crazy Yiuf
             ... wielding a +3 quarterstaff of chaos
              (11 damage)
             ... on level 2 of the Dungeon.
             The game lasted 00:13:32 (2155 turns).

pox the Stinger (Naga Venom Mage)                   Turns: 2155, Time: 00:13:33

Health: 0/42       AC:  2    Str: 10    XL:     4   Next: 20%
Magic:  1/7        EV: 10    Int: 17    God:
Gold:   137        SH:  0    Dex: 11    Spells: 6/7 levels left

rFire    . . .     SeeInvis +   g - +0 dagger
rCold    . . .     Gourm    .   (no shield)
rNeg     . . .     Faith    .   a - +0 robe
rPois    +         Spirit   .   (no helmet)
rElec    .         Reflect  .   (no cloak)
rCorr    .         Harm     .   (no gloves)
MR       .....                  (no barding)
Stlth    ++........             (no amulet)
HPRegen  0.14/turn              (no ring)
MPRegen  0.10/turn              (no ring)

@: short of breath, very slow
A: large, see invisible, deformed body, poison resistance, slowness 2, slow
metabolism 1, spit poison 1, AC +1
a: Spit Poison


You were on level 2 of the Dungeon.
You were hungry.

You visited 1 branch of the dungeon, and saw 2 of its levels.

You collected 137 gold pieces.

Inventory:

Hand Weapons
 g - a +0 dagger (weapon)
 l - a +0 dagger
 m - a +0 dagger
Missiles
 b - 7 poisoned needles
 o - 47 arrows
Armour
 a - a +0 robe (worn)
 s - a +0 buckler
Scrolls
 d - a scroll of identify
 e - a scroll of remove curse {unknown}
 f - a scroll of teleportation {unknown}
 i - 2 scrolls of immolation {unknown}
 j - a scroll of magic mapping {unknown}
 k - a scroll of random uselessness {unknown}
 n - a scroll of fog {unknown}
 r - a scroll of enchant weapon {unknown}
Potions
 h - 2 potions of resistance
 q - a potion of brilliance {unknown}
Comestibles
 c - 7 rations


   Skills:
 - Level 3.0 Fighting
 - Level 1.5 Dodging
 - Level 3.0 Stealth
 - Level 2.0 Spellcasting
 - Level 1.0 Conjurations
 + Level 4.9 Poison Magic


You had 6 spell levels left.
You knew the following spells:

 Your Spells              Type           Power        Failure   Level  Hunger
a - Sting                 Conj/Pois      ##..         6%          1    #......

Your spell library contained the following spells:

 Spells                   Type           Power        Failure   Level  Hunger
 Mephitic Cloud           Conj/Pois/Air  #.......     26%         3    ###....
 Venom Bolt               Conj/Pois      ##........   85%         5    ######.
 Olgreb's Toxic Radiance  Pois           ###.....     26%         4    #####..
 Poisonous Vapours        Pois/Air       ##....       11%         2    ###....


Dungeon Overview and Level Annotations

Branches:
Dungeon (2/15)

Altars:
Ru
Zin

Annotations:
D:2 Crazy Yiuf


Innate Abilities, Weirdness & Mutations

You cannot wear boots.
Your serpentine skin is tough. (AC +1)
You have supernaturally acute eyesight. (SInv)
Armour fits poorly on your strangely shaped body.
Your system is resistant to poisons. (rPois)
You cover ground very slowly.
You have a slow metabolism.
You can spit poison.


Message History

Crazy Yiuf hits you with a quarterstaff of chaos!
* * * LOW HITPOINT WARNING * * *
Crazy Yiuf draws strength from your wounds!
Casting: Sting (safe; 6% risk of failure)
Confirm with . or Enter, or press ? or * to list all spells.
Aiming: Sting (safe; 6% risk of failure)
Press: ? - help, Shift-Dir - straight line, f/p - Crazy Yiuf
Aim: Crazy Yiuf, wielding a quarterstaff of chaos and wearing a runed cloak (severely wounded, poisoned)
The sting hits Crazy Yiuf.
Crazy Yiuf is severely wounded.
Crazy Yiuf looks more healthy.
Crazy Yiuf barely misses you.
Casting: Sting (safe; 6% risk of failure)
Confirm with . or Enter, or press ? or * to list all spells.
Aiming: Sting (safe; 6% risk of failure)
Press: ? - help, Shift-Dir - straight line, f/p - Crazy Yiuf
Aim: Crazy Yiuf, wielding a quarterstaff of chaos and wearing a runed cloak (severely wounded)
The sting hits Crazy Yiuf.
Crazy Yiuf appears unharmed.
Crazy Yiuf is severely wounded.
Crazy Yiuf hits you with a quarterstaff of chaos!
You die...

#(..#####
#########
####.......#
..##.......#
..###...##.#
#####
......#....#
#)..#
#####......#
#...# #.#.##.#
... #.#.# ##
#g# ###.#.####
♣@♣♣
#........#
♣♣.♣
#.....####
♣.♣♣ #.....#
♣♣.♣ #.....#
♣♣.♣♣ #.....#
♣♣...♣ #
####### ♣..♣.♣
## #....# .#
#########....#


You could see Crazy Yiuf.

Vanquished Creatures
  An adder (D:2)
  3 leopard geckos
  8 giant cockroaches
  7 hobgoblins
  6 jackals
  A quokka (D:2)
  A ball python (D:1)
  9 bats
  3 frilled lizards
  5 goblins
  4 kobolds
  5 rats
53 creatures vanquished.

Notes
Turn   | Place    | Note
-------+----------+-------------------------------------------
     0 | D:1      | pox the Naga Venom Mage began the quest for the Orb.
     0 | D:1      | Reached XP level 1. HP: 15/15 MP: 3/3
    65 | D:1      | Reached skill level 1 in Fighting
   114 | D:1      | Reached XP level 2. HP: 22/25 MP: 0/5
   502 | D:1      | Reached XP level 3. HP: 33/33 MP: 3/6
  1183 | D:2      | Noticed an ice beast
  1445 | D:2      | Found a glowing silver altar of Zin.
  1682 | D:2      | Found a sacrificial altar of Ru.
  1716 | D:2      | Reached XP level 4. HP: 42/42 MP: 3/7
  2143 | D:2      | Found a runed door.
  2147 | D:2      | Noticed Crazy Yiuf
  2155 | D:2      | Slain by Crazy Yiuf

Vault maps used:
D:1:      ncdulo_smallfort
D:2:      lemuel_round_altar, nicolae_overflow_crystal_walls,
          uniq_crazy_yiuf_cottage

Skill      XL: |  1  2  3 |
---------------+----------+-----
Fighting       | 1 2 3 |  3.0
Dodging        | |  1.5
Stealth        | |  3.0
Spellcasting   | |  2.0
Conjurations   | |  1.0
Poison Magic   | |  4.9

Action                   |  1- 3 |  4- 6 || total
-------------------------+-------+-------++-------
Melee: Unarmed           |    10 |       ||    10
       Dagger            |    38 |    12 ||    50
 Cast: Sting             |    75 |    17 ||    92
 Abil: Spit Poison       |    23 |     6 ||    29
  Use: Scroll            |     1 |       ||     1
  Eat: Ration            |     1 |       ||     1
       Chunk             |       |     2 ||     2
Armor: Robe              |    20 |     1 ||    21
Dodge: Dodged            |    47 |    16 ||    63

Table legend:
 A = Spawn XP
 B = Non-spawn XP
 C = Spawn XP percentage of total XP
 D = Spawn monster count
 E = Non-spawn monster count
 F = Spawn count percentage of total count
 G = Total turns spent on level
                    A         B        C        D         E        F      G
               +---------+---------+-------+---------+---------+-------+---------
         Total |       0 |      99 |   0.0 |       0 |      53 |   0.0 |  2155
               +---------+---------+-------+---------+---------+-------+---------
           D:1 |       0 |      37 |   0.0 |       0 |      23 |   0.0 |   850
           D:2 |       0 |      62 |   0.0 |       0 |      30 |   0.0 |  1305
               +---------+---------+-------+---------+---------+-------+---------
